 Dungeon Crawl Stone Soup version 0.23.0 (webtiles) character file.

Game seed: 1149883702360323866

3582 xeno23 the Caller (level 9, 0/68 HPs)
             Began as a Mummy Summoner on Feb 13, 2019.
             Was an Initiate of Gozag.
             Killed from afar by a manticore (20 damage)
             ... with a volley of spikes
             ... on level 8 of the Dungeon.
             The game lasted 00:34:52 (11559 turns).

xeno23 the Caller (Mummy Summoner)                 Turns: 11559, Time: 00:34:53

Health: 0/68       AC:  6    Str: 11    XL:     9   Next: 84%
Magic:  3/19       EV: 14    Int: 21    God:    Gozag
Gold:   1312       SH:  0    Dex: 12    Spells: 11/22 levels left

rFire    x . .     SeeInvis .   i - +1 glaive (freeze)
rCold    + + .     Gourm    .   (shield currently unavailable)
rNeg     + + +     Faith    .   n - +1 robe {rC+}
rPois    ∞         Spirit   .   (no helmet)
rElec    .         Reflect  .   x - +0 cloak
rCorr    .         Harm     .   q - +0 pair of gloves (curse)
MR       +....                  e - +0 pair of boots
Stlth    ++........             (no amulet)
HPRegen  0.21/turn              p - +2 ring of slaying
MPRegen  0.16/turn              r - +3 ring of intelligence

@: barbed spikes
A: no food or potions, fire vulnerability, cold resistance 1, negative energy
resistance 3, torment resistance, unbreathing
a: Potion Petition, Call Merchant, Bribe Branch, Renounce Religion


You were on level 8 of the Dungeon.
You worshipped Gozag.
Gozag was most pleased with you.
You were not hungry.

You visited 1 branch of the dungeon, and saw 8 of its levels.

You collected 1349 gold pieces.
You paid 37 gold pieces to Gozag.

Inventory:

Hand Weapons
 g - a +2 dagger of draining
 i - a +1 glaive of freezing (weapon)
 u - a +0 dagger of venom
Missiles
 v - 5 throwing nets
 w - 4 javelins (quivered)
Armour
 e - a +0 pair of boots (worn)
 h - a +0 buckler
 n - a +1 robe of cold resistance (worn)
 q - a cursed +0 pair of gloves (worn)
 x - a +0 cloak (worn)
Jewellery
 p - a +2 ring of slaying (left hand)
 r - a +3 ring of intelligence (right hand)
Wands
 l - a wand of flame (2)
Scrolls
 a - a scroll of acquirement {unknown}
 b - a scroll of identify
 c - a scroll of magic mapping
 d - 3 scrolls of immolation
 f - 7 scrolls of remove curse
 j - 2 scrolls of fear
 k - a scroll of amnesia
 m - 3 scrolls of teleportation
 o - 2 scrolls of enchant armour {unknown}
 s - 2 scrolls of vulnerability {unknown}
 t - a scroll of blinking {unknown}
 y - a scroll of holy word {unknown}


   Skills:
 + Level 5.2 Fighting
 * Level 5.5 Polearms
 + Level 4.8 Dodging
 - Level 1.5 Stealth
 - Level 0.7 Shields
 + Level 7.1 Spellcasting
 * Level 7.3 Summonings


You had 11 spell levels left.
You knew the following spells:

 Your Spells              Type           Power        Failure   Level  Hunger
d - Call Canine Familiar  Summ           #####...     1%          3    N/A
f - Swiftness             Chrm/Air       #.......     13%         2    N/A
s - Call Imp              Summ           #####...     1%          2    N/A
w - Summon Ice Beast      Ice/Summ       ###.....     19%         4    N/A

Your spell library contained the following spells:

 Spells                   Type           Power        Failure   Level  Hunger
 Summon Small Mammal      Summ           ####         1%          1    N/A
 Summon Guardian Golem    Hex/Summ       ###.....     6%          3    N/A
 Shock                    Conj/Air       #...         9%          1    N/A
 Summon Lightning Spire   Summ/Air       ###.....     19%         4    N/A
 Static Discharge         Conj/Air       #.......     26%         3    N/A
 Airstrike                Air            #.........   65%         4    N/A
 Lightning Bolt           Conj/Air       #.........   94%         5    N/A

Dungeon Overview and Level Annotations

Branches:
Dungeon (8/15)             Temple (0/1) D:5
   Lair: D:8-11

Altars:
Gozag
Kikubaaqudgha
Makhleb
Nemelex Xobeh
Qazlal
Trog
Vehumet
Yredelemnul
The Shining One


Innate Abilities, Weirdness & Mutations

You do not eat or drink.
Your flesh is vulnerable to fire.
You are immune to poison.
Your flesh is cold resistant. (rC+)
You are immune to negative energy. (rN+++)
You are immune to unholy pain and torment.
You can survive without breathing.


Message History

You take 11 damage.
Casting: Call Canine Familiar (safe; 1% risk of failure)
Confirm with . or Enter, or press ? or * to list all spells.
A chill wind blows around you.
The manticore flicks its tail.
The volley of spikes hits you.
The barbed spikes become lodged in your body.
* * * LOW HITPOINT WARNING * * *
You take 1 damage.
Attack whom?
Press: ? - help, Dir - move target cursor, f/p - manticore
Aim: a manticore (severely wounded)
Okay, then.
Casting: Summon Ice Beast (slightly dangerous; 19% risk of failure)
Confirm with . or Enter, or press ? or * to list all spells.
The manticore flicks its tail.
The volley of spikes hits you!!
The barbed spikes become lodged in your body.
You die...
Your body crumbles into a pile of gold.

#..# #.. ##.# #..
#######.#######..
.................
#####.###.#.#####.#
#..................
#Y###.###.#.#####.#
#.#h###.###.#.# #.#
#...@.......#.# #.#
#.#.###.#####.# #.#
#.#H# #.# #.# #.# #
#.# #.# #.# #.# #.#
#.# #.# #.# #.# #.#
#.# #.# #.# #.#
#.#####.# #[ #.#
#........ #.#
#.#######


You could see a manticore, a friendly ice beast and a friendly wolf.

Vanquished Creatures
  A hippogriff (D:8)
  A steam dragon (D:8)
  A water moccasin (D:6)
  A sky beast (D:6)
  4 ice beasts
  3 phantoms
  2 ogres
  3 centaurs
  4 bullfrogs
  A gnoll sergeant (D:7)
  A scorpion (D:6)
  4 howler monkeys
  3 wights (D:7)
  4 crimson imps
  3 orc priests
  A quasit (D:7)
  6 hounds
  5 orc wizards
  A jelly (D:7)
  5 iguanas
  6 worker ants
  A hound skeleton (D:2)
  5 gnolls
  14 adders
  A shadow imp (D:6)
  2 adder zombies
  An adder skeleton (D:5)
  A dart slug (D:3)
  2 leopard geckos (D:5)
  23 orcs
  4 giant cockroaches
  6 hobgoblins
  7 jackals
  5 kobolds
  4 quokkas
  3 ball pythons
  7 bats
  3 frilled lizards
  A goblin (D:3)
  A leopard gecko zombie (D:6)
  A quokka zombie (D:8)
  4 rats
156 creatures vanquished.

Vanquished Creatures (collateral kills)
  2 orc warriors
  An ogre (D:8)
  A hound (D:3)
  An orc wizard (D:5)
  An orc priest (D:7)
  An adder zombie (D:8)
  3 worms (D:2)
  2 leopard geckos (D:2)
  4 orcs
  A giant cockroach (D:1)
  4 hobgoblins
  A jackal (D:1)
  A frilled lizard (D:2)
23 creatures vanquished.

Vanquished Creatures (others)
  5 toadstools (D:5)
5 creatures vanquished.

Grand Total: 184 creatures vanquished

Notes
Turn   | Place    | Note
-------+----------+-------------------------------------------
     0 | D:1      | xeno23 the Mummy Summoner began the quest for the Orb.
     0 | D:1      | Reached XP level 1. HP: 13/13 MP: 4/4
   532 | D:1      | Reached XP level 2. HP: 6/20 MP: 1/5
   536 | D:1      | Learned a level 2 spell: Call Imp
  1093 | D:1      | Found a glowing golden altar of the Shining One.
  2040 | D:2      | Reached skill level 1 in Fighting
  2040 | D:2      | Reached XP level 3. HP: 18/26 MP: 7/7
  2561 | D:2      | Learned a level 3 spell: Call Canine Familiar
  2720 | D:2      | Found a bloodstained altar of Trog.
  3173 | D:3      | Reached XP level 4. HP: 24/32 MP: 9/9
  3282 | D:3      | HP: 1/32 [orc wizard/magic dart (4)]
  3956 | D:3      | Found an opulent altar of Gozag.
  3961 | D:3      | Became a worshipper of Gozag Ym Sagoz the Greedy
  4484 | D:3      | Reached XP level 5. HP: 24/38 MP: 10/10
  4605 | D:3      | Learned a level 4 spell: Summon Ice Beast
  5200 | D:4      | Reached XP level 6. HP: 40/44 MP: 12/12
  5931 | D:4      | Reached skill level 1 in Polearms
  5991 | D:5      | Entered Level 5 of the Dungeon
  6365 | D:5      | Reached XP level 7. HP: 45/51 MP: 13/13
  6413 | D:5      | Reached skill level 5 in Summonings
  6436 | D:5      | Learned a level 2 spell: Swiftness
  7098 | D:5      | Reached skill level 5 in Spellcasting
  7116 | D:5      | Found a staircase to the Ecumenical Temple.
  7771 | D:6      | Reached XP level 8. HP: 36/58 MP: 15/15
  8205 | D:6      | Found a basalt altar of Yredelemnul.
  8418 | D:6      | Found a stormy altar of Qazlal.
  8440 | D:6      | Found a burning altar of Makhleb.
  8441 | D:6      | Found a radiant altar of Vehumet.
  8652 | D:6      | Found a sparkling altar of Nemelex Xobeh.
  8840 | D:7      | Reached XP level 9. HP: 55/65 MP: 18/18
  9190 | D:7      | Found an ancient bone altar of Kikubaaqudgha.
  9952 | D:7      | Reached skill level 5 in Polearms
 10640 | D:8      | Reached skill level 5 in Fighting
 11547 | D:8      | Noticed a manticore
 11559 | D:8      | Killed from afar by a manticore

Skill      XL: |  1  2  3  4  5  6  7  8  9 |
---------------+----------------------------+-----
Spellcasting   | 3 4 5 6 7 |  7.1
Fighting       | 1 2 3 4 5 |  5.2
Dodging        | 2 3 4 |  4.8
Summonings     | 4 5 6 7 |  7.3
Polearms       | 1 3 4 5 |  5.5
Stealth        | |  1.5
Shields        | |  0.7

Action                   |  1- 3 |  4- 6 |  7- 9 || total
-------------------------+-------+-------+-------++-------
Melee: Unarmed           |    25 |       |       ||    25
       Dagger            |   146 |   159 |       ||   305
       Glaive            |       |    43 |   338 ||   381
 Cast: Summon Small Mamm |    11 |       |       ||    11
       Call Imp          |     7 |     2 |     1 ||    10
       Call Canine Famil |     1 |     5 |     8 ||    14
       Summon Ice Beast  |       |       |     3 ||     3
Evoke: Wand              |       |       |    19 ||    19
  Use: Scroll            |       |     4 |     3 ||     7
 Stab: Sleeping          |     3 |     3 |    11 ||    17
       Distracted        |       |       |     3 ||     3
Armor: Robe              |    49 |    46 |    67 ||   162
Dodge: Dodged            |   114 |   147 |   236 ||   497
